 Dungeon Crawl Stone Soup version 0.31-a0-219-g8d62b2e7bb (webtiles) character file.

Game seed: 16780724113488000941

422 senseless the Insei (level 6, -6/51 HPs)
             Began as a Draconian Transmuter on July 3, 2023.
             Was a Follower of Uskayaw.
             Mangled by Duvessa
             ... wielding a +1 short sword of freezing
              (8 damage)
             ... on level 4 of the Dungeon.
             The game lasted 00:07:01 (3250 turns).

senseless the Insei (Draconian Transmuter)          Turns: 3250, Time: 00:07:04

Health: -6/51      AC:  7    Str: 12    XL:     6   Next: 63%
Magic:  11/11      EV: 13    Int: 14    God:    Uskayaw [*.....]
Gold:   108        SH:  0    Dex: 13    Spells: 8/11 levels left

rFire   . .          .
                       - Unarmed
rCold   . . .        (no shield)
rNeg    . . .        (body armour unavailable)
rPois   .            (helmet currently unavailable)
rElec   .            l - +0 cloak
rCorr   .            (no gloves)
SInv    .            (boots currently unavailable)
Will    .....        (no amulet)
Stlth   +            (no ring)
HPRegen 0.28/turn    (no ring)
MPRegen 0.12/turn

%: no passive effects
@: appendages (expiring), slowed, very slow
A: horns 2, talons 2, AC +6, unfitting armour, cold-blooded
a: End Transformation, Renounce Religion, Stomp


You were on level 4 of the Dungeon.
You worshipped Uskayaw.
Uskayaw was noncommittal.
You had temporarily grown beastly horns and talons.
You visited 1 branch of the dungeon, and saw 4 of its levels.

You collected 108 gold pieces.

Inventory:

Hand Weapons
 t - a +0 mace
Missiles
 e - 3 atropa-tipped darts
 s - 2 poisoned darts
Armour
 l - a +0 cloak (worn)
Wands
 p - a wand of flame (25)
Scrolls
 b - a scroll of enchant weapon {unknown}
 c - 7 scrolls of teleportation {unknown}
 d - 4 scrolls of identify {unknown}
 h - 2 scrolls of vulnerability {unknown}
 k - a scroll of amnesia {unknown}
 m - 4 scrolls of fog {unknown}
 o - a scroll of acquirement {unknown}
 q - a scroll of torment {unknown}
 r - a scroll of revelation {unknown}
Potions
 a - 2 potions of lignification
 f - 2 potions of magic {unknown}
 g - 2 potions of mutation {unknown}
 i - 3 potions of enlightenment {unknown}
 j - a potion of curing {unknown}
 n - a potion of degeneration {unknown}


   Skills:
 + Level 3.3 Fighting
 + Level 3.2 Dodging
 + Level 4.3 Unarmed Combat
 + Level 3.4 Spellcasting
 + Level 3.5 Transmutations


You had 8 spell levels left.
You knew the following spells:

 Your Spells              Type           Power      Damage    Failure   Level
a - Beastly Appendage     Tmut           24%        N/A       4%          1
b - Wereblood             Tmut           12%        N/A       8%          2

Your spell library contained the following spells:

 Spells                   Type           Power      Damage    Failure   Level
 Shock                    Conj/Air       8%         1d3       21%         1
 Poisonous Vapours        Pois/Air       4%         N/A       30%         2
 Spider Form              Tmut/Pois      7%         N/A       30%         3
 Ignite Poison            Fire/Tmut/Pois 5%         N/A       36%         3
 Mephitic Cloud           Conj/Pois/Air  2%         N/A       52%         3
 Swiftness                Air            2%         N/A       52%         3
 Ice Form                 Ice/Tmut       7%         N/A       69%         4
 Airstrike                Air            1%         2d(1-17)  90%         4
 Sticky Flame             Conj/Fire      2%         2d3       90%         4
 Freezing Cloud           Conj/Ice/Air   1%         6-21      99%         5
 Ignition                 Fire           1%         3d3       100%        8


Dungeon Overview and Level Annotations

Branches:
Dungeon (4/15)
 Temple: D:4-7

Altars:
Uskayaw

Annotations:
D:4 Duvessa


Innate Abilities, Weirdness & Mutations

You have temporarily grown beastly horns and talons.
Your plain brown scales are hard. (AC +6)
You cannot fit into any form of body armour.
You are cold-blooded and may be slowed by cold attacks.


Message History

a - 2 potions of lignification (gained 1)
Found a robe.
d - 4 scrolls labelled NIDWIH HURYC (gained 1) Duvessa goes berserk!
You grow a pair of large bovine horns.
Your feet morph into talons.
Okay, then.
Throw: 5 darts (atropa)
Press: ? - help, Shift-Dir - straight line, f - Duvessa
Aim: Duvessa, wielding a +1 short sword of freezing and wearing a +2 ring mail of fire resistance (berserk, 65% to hit, chance to blind on hit: 51%)
You throw an atropa-tipped dart.
The atropa-tipped dart completely misses Duvessa.
Throw: 4 darts (atropa)
Press: ? - help, Shift-Dir - straight line, f/p - Duvessa
Aim: Duvessa, wielding a +1 short sword of freezing and wearing a +2 ring mail of fire resistance (berserk, 65% to hit, chance to blind on hit: 51%)
You throw an atropa-tipped dart. The atropa-tipped dart hits Duvessa.
Duvessa appears confused.
Duvessa seems less confused.
You hit Duvessa. You tail-slap Duvessa.
Duvessa is lightly wounded.
Duvessa hits you with a +1 short sword of freezing!
Duvessa freezes you.
Duvessa hits you with a +1 short sword of freezing!
You feel yourself slow down. Duvessa freezes you.
You punch Duvessa! Your kick misses Duvessa.
Duvessa is lightly wounded.
Duvessa hits you with a +1 short sword of freezing!
You feel as though you will be slow longer.
Duvessa freezes you. Duvessa closely misses you.
You are too injured to fight recklessly!
You hit Duvessa. You claw Duvessa, but do no damage.
Duvessa is moderately wounded.
Duvessa is no longer blind.
Duvessa closely misses you. x2
You hit Duvessa but do no damage. You claw Duvessa, but do no damage.
You headbutt Duvessa.
Duvessa is moderately wounded.
Your transformation is almost over.
Duvessa hits you with a +1 short sword of freezing!
* * * LOW HITPOINT WARNING * * *
Duvessa freezes you!
You die...

#........#
#.............e...#..
#..............@..#
#.................#
#..†..............######.#
#...................[.....
#..<.)............####.#..
#####...†............#.
#.....(†.............
#..................##
#....................


You could see Duvessa (berserk).

Vanquished Creatures
  Sigmund (D:3)
  A phantom (D:3)
  Dowan (D:4)
  A hound (D:3)
  4 adders
  2 worms (D:3)
  4 dart slugs
  An orc (D:3)
  3 ball pythons
  6 endoplasms
  8 giant cockroaches
  5 hobgoblins
  4 quokkas
  8 bats
  2 frilled lizards (D:3)
  4 goblins
  A kobold (D:2)
  3 rats
59 creatures vanquished.

Notes
Turn   | Place    | Note
-------+----------+-------------------------------------------
     0 | D:1      | senseless the Draconian Transmuter began the quest for the
                  | Orb.
     0 | D:1      | Reached XP level 1. HP: 16/16 MP: 3/3
   268 | D:1      | Reached XP level 2. HP: 23/23 MP: 3/5
   975 | D:2      | Reached XP level 3. HP: 29/29 MP: 4/6
  1772 | D:3      | Noticed a phantom
  1789 | D:3      | Killed a phantom
  1790 | D:3      | Reached XP level 4. HP: 26/37 MP: 6/8
  1832 | D:3      | Found a faded altar of an unknown god.
  1838 | D:3      | Prayed at the altar of an unknown god.
  1838 | D:3      | Became a worshipper of Uskayaw the Reveller
  1838 | D:3      | Reached * piety under Uskayaw
  1980 | D:3      | Reached ** piety under Uskayaw
  1983 | D:3      | Reached XP level 5. HP: 38/42 MP: 7/9
  2146 | D:3      | Noticed Sigmund
  2163 | D:3      | Killed Sigmund
  2163 | D:3      | Reached *** piety under Uskayaw
  2164 | D:3      | Reached skill level 4 in Unarmed Combat
  2164 | D:3      | Reached XP level 6. HP: 26/51 MP: 10/10
  2904 | D:4      | Noticed Dowan
  2905 | D:4      | Noticed Duvessa
  2910 | D:3      | Learned a level 2 spell: Wereblood
  3192 | D:4      | Killed Dowan
  3205 | D:4      | Reached **** piety under Uskayaw
  3250 | D:4      | HP: 2/51 [Duvessa/+1 short sword of freezing (17)]
  3250 | D:4      | Mangled by Duvessa

Illustrated notes

Levels and vault maps discovered:
D:1:      dpeg_arrival_boxes_within_box, layout_basic, st_stairs_12
D:2:      layout_loops_ring, grunt_ministairs_11
D:3:      layout_basic, ebering_ecumenical_altar_petrified, uniq_sigmund
D:4:      layout_rooms, fedhas_altar_4, minmay_temple_entry_nine_rooms,
          ebering_dispersal_statue_hall, uniq_duvessa

Skill      XL: |  1  2  3  4  5 |
---------------+----------------+-----
Dodging        | 2 3 |  3.2
Fighting       | 2 3 |  3.3
Transmutations | 3 |  3.5
Unarmed Combat | 4 |  4.3
Spellcasting   | 3 |  3.4

Action                     |  1- 3 |  4- 6 || total
---------------------------+-------+-------++-------
  Melee: Unarmed           |   102 |    87 ||   189
         Headbutt          |    10 |    15 ||    25
         Kick              |    24 |    24 ||    48
         Tailslap          |    16 |    14 ||    30
         Punch             |     3 |     1 ||     4
  Throw: Dart              |       |     7 ||     7
   Cast: Beastly Appendage |    23 |    16 ||    39
         Wereblood         |       |     1 ||     1
 Armour: Skin              |    24 |    29 ||    53
  Dodge: Dodged            |    72 |    48 ||   120

Table legend: (Time is in decaauts)
 A = Elapsed time spent in this place.
 B = Non-inter-level travel time spent in this place.
 C = Inter-level travel time spent in this place.
 D = Time resting spent in this place.
 E = Time spent auto-exploring this place.
 F = Levels seen in this place.
 G = Mean time per level.
                   A        B        C        D        E       F      G
               +--------+--------+--------+--------+--------+-----+--------+
         Total |   3241 |   2949 |    292 |     42 |   2438 |   4 |  810.2 |
       Dungeon |   3241 |   2949 |    292 |     42 |   2438 |   4 |  810.2 |
               +--------+--------+--------+--------+--------+-----+--------+

Top non-repeatable levels by time:
     D:3: 1481 daAuts
     D:1: 826 daAuts
     D:2: 819 daAuts
     D:4: 114 daAuts
